 Dungeon Crawl Stone Soup version 0.31-a0-232-gb1c03b2570 (webtiles) character file.

Game seed: 14407150278613956718

74 qw the Shooter (level 4, 0/26 HPs)
             Began as a Gargoyle Hexslinger on July 7, 2023.
             Killed from afar by Blork the orc (7 damage)
             ... with a puff of frost
             ... on level 4 of the Dungeon.
             The game lasted 00:00:49 (2714 turns).

qw the Shooter (Gargoyle Hexslinger)                Turns: 2714, Time: 00:00:49

Health: 0/26       AC:  6    Str: 12    XL:     4   Next: 28%
Magic:  5/5        EV: 11    Int: 13    God:
Gold:   197        SH:  0    Dex: 14    Spells: 4/5 levels left

rFire   . . .        Y - +1 sling
rCold   . . .        (no shield)
rNeg    + . .        e - +0 leather armour
rPois   inf          (no helmet)
rElec   +            (no cloak)
rCorr   .            (no gloves)
SInv    .            (no boots)
Will    .....        (no amulet)
Stlth   +            (no ring)
HPRegen 0.24/turn    (no ring)
MPRegen 0.09/turn

%: no passive effects
@: no status effects
A: sickness immunity, AC +3, negative energy resistance 1, electricity
resistance, torment resistance 1, petrification resistance
a: no special abilities


You were on level 4 of the Dungeon.
You visited 1 branch of the dungeon, and saw 4 of its levels.

You collected 197 gold pieces.


Innate Abilities, Weirdness & Mutations

You are immune to sickness and miasma.
Your stone body is resilient. (AC +3)
You are immune to poison.
You resist negative energy. (rN+)
You are resistant to electric shocks. (rElec)
You are resistant to unholy torment.
You are immune to petrification.


   Skills:
 - Level 2.0 Fighting
 + Level 4.1 Ranged Weapons
 - Level 1.5 Dodging
 - Level 1.0 Spellcasting
 - Level 2.6 Hexes


You had 4 spell levels left.
You knew the following spells:

 Your Spells              Type           Power      Damage    Failure   Level
a - Slow                  Hex            28%        N/A       12%         1

Your spell library contained the following spells:

 Spells                   Type           Power      Damage    Failure   Level
 Inner Flame              Hex/Fire       4%         N/A       52%         3
 Portal Projectile        Hex/Tloc       8%         N/A       52%         3
 Cause Fear               Hex            3%         N/A       75%         4

Inventory:

Hand Weapons
 Y - a +1 sling (weapon)
Armour
 e - a +0 leather armour (worn)
Scrolls
 a - 2 scrolls of teleportation
 f - a scroll of fear {unknown}
Potions
 b - a potion of degeneration {unknown}
 c - a potion of heal wounds {unknown}
 d - a potion of invisibility {unknown}
 g - a potion of curing {unknown}

Dungeon Overview and Level Annotations

Branches:
Dungeon (4/15)
 Temple: D:4-7

Altars:

Annotations:
D:4 Blork the orc


Message History

The sling bullet hits Blork the orc but does no damage.
Blork the orc is lightly wounded.
Blork the orc looks angry.
Blork the orc hits you from afar with a +2 trident of protection.
You shoot a sling bullet.
The sling bullet barely misses Blork the orc.
Blork the orc hits you from afar with a +2 trident of protection.
You shoot a sling bullet.
The sling bullet closely misses Blork the orc.
Blork the orc hits you but does no damage.
You shoot a sling bullet.
The sling bullet closely misses Blork the orc.
Blork the orc barely misses you.
You shoot a sling bullet.
The sling bullet barely misses Blork the orc.
Blork the orc barely misses you. Blork the orc misses you.
You shoot a sling bullet.
The sling bullet hits Blork the orc but does no damage.
Blork the orc is lightly wounded.
Blork the orc closely misses you.
You shoot a sling bullet.
The sling bullet hits Blork the orc but does no damage.
Blork the orc is lightly wounded.
Blork the orc casts a spell.
Blork the orc seems to speed up.
You shoot a sling bullet.
The sling bullet barely misses Blork the orc.
Blork the orc points at you and mumbles some strange words.
The magic dart hits you. Blork the orc barely misses you.
You shoot a sling bullet.
The sling bullet hits Blork the orc but does no damage.
Blork the orc is lightly wounded.
Blork the orc barely misses you.
Blork the orc hits you from afar with a +2 trident of protection.
You shoot a sling bullet.
The sling bullet closely misses Blork the orc.
Blork the orc hits you from afar with a +2 trident of protection!
Blork the orc points at you and mumbles some strange words.
The puff of frost hits you!
You die...

.# #.. .####.# #.#
.....# ...##.# #.#
...#.# ##.##.# #.#
.....# #.##.# #.# .....
##.##.###### #.##...# #
...........###......#...
##.##.####............#
#.##...........@..#
#.#############.#.# #.#
#o# # #.# #.# #.# #.#
#.# ..# ... ..#


You could see Blork the orc (fast).

Vanquished Creatures
  2 adders (D:2)
  2 worms
  An orc (D:3)
  6 ball pythons
  5 bats
  5 endoplasms (D:1)
  A giant cockroach (D:3)
  A goblin (D:3)
  6 hobgoblins
  2 jackals (D:1)
  5 kobolds
  3 quokkas
  A frilled lizard (D:2)
  4 rats
44 creatures vanquished.

Notes
Turn   | Place    | Note
-------+----------+-------------------------------------------
     0 | D:1      | qw the Gargoyle Hexslinger began the quest for the Orb.
     0 | D:1      | Reached XP level 1. HP: 12/12 MP: 2/2
     0 | D:1      | 0 ||| qw: Version: 0.3-a-46-gb1f654a
     0 | D:1      | 0 ||| qw: Game counter: 2350
     0 | D:1      | 0 ||| qw: Melee chars always use a shield: true
     0 | D:1      | 0 ||| qw: God list: Okawaru
     0 | D:1      | 0 ||| qw: Allow faded altars: false
     0 | D:1      | 0 ||| qw: Do Orc after clearing Dungeon:15 true
     0 | D:1      | 0 ||| qw: Do second Lair branch before Depths: true
     0 | D:1      | 0 ||| qw: Lair rune preference: random
     0 | D:1      | 0 ||| qw: Goals: Normal
     0 | D:1      | 0 ||| PLANNING D:1-11
   298 | D:1      | Reached XP level 2. HP: 16/16 MP: 3/3
   385 | D:1      | Reached skill level 3 in Ranged Weapons
   965 | D:1      | 965 ||| UPGRADING to +0 leather armour.
   975 | D:1      | 975 ||| DROPPING +0 robe.
   976 | D:1      | 976 ||| READING scroll labelled POUNUITRYO.
   980 | D:1      | 980 ||| READING scroll labelled DUYRPH PEILOEK.
   981 | D:1      | 981 ||| READING scroll labelled URUBUVVUOMP.
   982 | D:1      | 982 ||| READING scroll labelled UDUNIG HAHI.
   983 | D:1      | 983 ||| READING scroll labelled NIUD MATZAUXAE.
   984 | D:1      | 984 ||| DROPPING scroll of poison.
  1087 | D:2      | Identified the +3 chain mail of the Mind {rC+}
  1088 | D:2      | Found a faded altar of an unknown god.
  1122 | D:2      | Reached XP level 3. HP: 18/21 MP: 4/4
  1661 | D:2      | Reached XP level 4. HP: 23/26 MP: 5/5
  1926 | D:2      | Reached skill level 4 in Ranged Weapons
  2027 | D:2      | 2027 ||| READING scroll labelled IREASIU YNEG.
  2598 | D:3      | 2598 ||| READING 2 scrolls labelled DUTESM ZAIKLE.
  2599 | D:3      | 2599 ||| DROPPING scroll of blinking.
  2700 | D:4      | Noticed Blork the orc
  2714 | D:4      | Killed from afar by Blork the orc

Levels and vault maps discovered:
D:1:      lightli_arrival_farm, layout_loops_corners, corexii_corridor_pit
D:2:      layout_loops_corners, dreamdust_ecumenical_altar_grove
D:3:      layout_basic
D:4:      layout_loops_ring, amethyst_overflow_temple_binary,
          nicolae_dithmenos_through_a_glass_darkly, uniq_natasha,
          uniq_blork_the_orc, uniq_pikel

Skill      XL: |  1  2  3  4 |
---------------+-------------+-----
Ranged Weapons | 3 4 |  4.1
Fighting       | 2 |  2.0
Dodging        | |  1.5
Spellcasting   | |  1.0
Hexes          | |  2.6

Action                     |  1- 3 |  4- 6 || total
---------------------------+-------+-------++-------
   Fire: Sling             |   131 |    59 ||   190
    Use: Scroll            |     5 |     2 ||     7
 Armour: Robe              |     2 |       ||     2
         Leather armour    |    25 |     7 ||    32
  Dodge: Dodged            |    44 |    20 ||    64

Table legend:
 A = Non-vault XP
 B = Vault XP
 C = Vault XP percentage of total XP
 D = Non-vault monster count
 E = Vault monster count
 F = Vault count percentage of total count
                 A         B        C        D         E       F
            +---------+---------+-------+---------+---------+-------
      Total |     106 |       0 |   0.0 |      44 |       0 |   0.0
            +---------+---------+-------+---------+---------+-------
        D:1 |      33 |       0 |   0.0 |      19 |       0 |   0.0
        D:2 |      61 |       0 |   0.0 |      21 |       0 |   0.0
        D:3 |      12 |       0 |   0.0 |       4 |       0 |   0.0
            +---------+---------+-------+---------+---------+-------
